 Dungeon Crawl Stone Soup version 0.30-a0-1123-gabc949cf19 (webtiles) character file.

Game seed: 16547913485813965236

2776 avis the Grappler (level 9, -8/71 HPs)
             Began as a Demigod Transmuter on Apr 22, 2023.
             Mangled by a two-headed ogre
             ... wielding a +0 giant spiked club
              (19 damage)
             ... on level 8 of the Dungeon on Apr 23, 2023.
             The game lasted 01:09:52 (9449 turns).

avis the Grappler (Demigod Transmuter)              Turns: 9449, Time: 01:09:56

Health: -8/71      AC:  2    Str: 19    XL:     9   Next: 19%
Magic:  13/16      EV: 20    Int: 19    God:
Gold:   374        SH:  0    Dex: 19    Spells: 4/14 levels left

rFire   . .          .
                       - Unarmed
rCold   . . .        (shield currently unavailable)
rNeg    . . .        M - melded +2 leather armour {rN+}
rPois   .            v - melded +0 helmet of Waheguy {Will+ Str+2}
rElec   .            f - melded scarf {rC+ rF+}
rCorr   .            G - melded +0 pair of gloves
SInv    .            (boots currently unavailable)
Will    .....        (no amulet)
Stlth   ++           l - ring of poison resistance
HPRegen 0.31/turn    (no ring)
MPRegen 0.15/turn

%: no passive effects
@: about to teleport, spider-form
A: venomous fangs, tiny, high MP 1, forlorn, divine attributes
a: End Transformation


You were on level 8 of the Dungeon.
You were a venomous arachnid creature.
You visited 2 branches of the dungeon, and saw 9 of its levels.

You collected 374 gold pieces.

Inventory:

Hand Weapons
 w - a +3 quarterstaff of chaos
 y - a +0 shortbow
Missiles
 r - 12 poisoned darts
 t - 4 silver javelins
 E - 6 curare-tipped darts
Armour
 f - a scarf of resistance (melded)
 v - the +0 helmet of Waheguy (melded) {Will+ Str+2}
   (You took it off Robin on level 2 of the Dungeon)

   Str:       It affects your strength (+2).
   Will:      It increases your willpower.
 C - the +1 cloak of Poor Excuses {SInv}
   (You found it on level 4 of the Dungeon)

   SInv:      It lets you see invisible.
 G - a +0 pair of gloves (melded)
 M - a +2 leather armour of positive energy (melded)
Jewellery
 l - a ring of poison resistance (left front pincers)
Wands
 D - a wand of digging (4)
 I - a wand of paralysis (3)
 N - a wand of quicksilver (8)
Scrolls
 a - a scroll of fear {unknown}
 d - 5 scrolls of teleportation
 g - a scroll of brand weapon {unknown}
 h - 2 scrolls of enchant weapon {unknown}
 i - a scroll of fog
 j - a scroll of enchant armour {unknown}
 k - a scroll of identify {unknown}
 o - a scroll of magic mapping
 p - a scroll of poison
Potions
 b - a potion of resistance {unknown}
 c - 3 potions of invisibility {unknown}
 e - 2 potions of brilliance {unknown}
 m - 2 potions of attraction {unknown}
 n - 4 potions of curing
 q - 2 potions of might {unknown}
 s - 2 potions of mutation {unknown}
 z - a potion of degeneration {unknown}
 K - a potion of ambrosia {unknown}


   Skills:
 - Level 4.0 Fighting
 - Level 3.0 Dodging
 - Level 1.0 Stealth
 * Level 8.1 Unarmed Combat
 - Level 3.0 Spellcasting
 - Level 6.0 Transmutations
 - Level 4.0 Ice Magic
 - Level 1.0 Poison Magic


You had 4 spell levels left.
You knew the following spells:

 Your Spells              Type           Power      Damage    Failure   Level
a - Beastly Appendage     Tmut           50%        N/A       6%          1
e - Wereblood             Tmut           25%        N/A       8%          2
p - Spider Form           Tmut/Pois      16%        N/A       26%         3
q - Ice Form              Ice/Tmut       21%        N/A       38%         4

Your spell library contained the following spells:

 Spells                   Type           Power      Damage    Failure   Level
 Magic Dart               Conj           8%         1d3       34%         1
 Poisonous Vapours        Pois/Air       8%         N/A       38%         2
 Call Imp                 Summ           4%         N/A       43%         2
 Mephitic Cloud           Conj/Pois/Air  4%         N/A       61%         3
 Freezing Cloud           Conj/Ice/Air   3%         6-21      98%         5


Dungeon Overview and Level Annotations

Branches:
Dungeon (8/15)             Temple (1/1) D:6
   Lair: D:8-11

Annotations:
D:4 3 runed translucent doors, Orangeyouglad's ghost, novice HuIE


Innate Abilities, Weirdness & Mutations

You are a venomous arachnid creature.
You have venomous fangs.
You are tiny and dextrous.
Your spellcasting is less reliable in this form.
Your armour is entirely melded.
You are incapable of wielding weapons or throwing items.
You have an increased reservoir of magic. (+10% MP)
You shall have no god before yourself.
Your divine heritage dramatically boosts your attributes as you level up.


Message History

You feel better.
The water moccasin completely misses you.
You hit the water moccasin but do no damage.
The water moccasin looks even sicker.
The water moccasin is severely wounded.
The water moccasin barely misses you. The water moccasin misses you.
You barely miss the water moccasin.
The water moccasin is severely wounded.
The water moccasin completely misses you.
You bite the water moccasin!
You kill the water moccasin!
Your life force feels restored.
Training target 4.0 for Fighting reached!
Your Fighting skill increases to level 4!
You need to enable at least one skill for training.
You hit the two-headed ogre but do no damage.
The two-headed ogre is poisoned.
You hit the two-headed ogre.
The two-headed ogre looks as sick as possible!
The two-headed ogre is lightly wounded.
The wight completely misses you.
The two-headed ogre hits you with a +0 giant spiked club!!
* * * LOW HITPOINT WARNING * * *
The two-headed ogre barely misses you.
The two-headed ogre attacks as you move away!
The two-headed ogre barely misses you.
The two-headed ogre completely misses you.
You hear the faint creaking of a very distant portcullis.
A jelly comes into view.
A bullfrog comes into view.
As you read the scroll of teleportation, it crumbles to dust.
You feel strangely unstable.
The bullfrog gives a loud, deep croak!
You hit the two-headed ogre but do no damage.
The two-headed ogre is moderately wounded.
You hear a shout!
The two-headed ogre closely misses you.
The two-headed ogre hits you with a +0 giant spiked club!!
You die...

.. .## ..# ... #.#
#.# #F# #s# #O#
#z# #.# .z## #.#
z...# #.# .z..F#
#.# ....z. #.#
......##.########.


You could see a two-headed ogre (very poisoned), a bullfrog and a wight.

Vanquished Creatures
  Prince Ribbit (D:7)
  2 steam dragons
  Menkaure (D:5)
  A water moccasin (D:8)
  An ice beast (D:5)
  An orc warrior (D:7)
  A black bear (D:6)
  A sky beast (D:6)
  An ogre (D:6)
  A centaur (D:6)
  2 kobold brigands (D:7)
  A phantom (D:6)
  3 bullfrogs
  2 scorpions (D:5)
  4 wights (D:8)
  3 howler monkeys
  3 hounds
  2 jellies
  An orc priest (D:7)
  Crazy Yiuf (D:3)
  A sleepcap (D:6)
  Jessica (D:3)
  Natasha (thrice) (D:2)
  An iguana (D:7)
  4 orc wizards
  Ijyb (D:5)
  Robin (D:2)
  4 gnolls (D:7)
  4 adders
  2 shadow imps
  2 ufetubi
  4 worms (D:2)
  6 dart slugs
  21 orcs
  3 endoplasms
  3 giant cockroaches
  14 goblins
  5 hobgoblins
  6 jackals (D:1)
  14 kobolds
  A quokka (D:4)
  4 ball pythons
  5 bats
  4 frilled lizards (D:2)
  3 rats
150 creatures vanquished.

Notes
Turn   | Place    | Note
-------+----------+-------------------------------------------
     0 | D:1      | avis the Demigod Transmuter began the quest for the Orb.
     0 | D:1      | Reached XP level 1. HP: 15/15 MP: 5/5
    64 | D:1      | Reached skill level 1 in Fighting
   214 | D:1      | Reached XP level 2. HP: 22/23 MP: 5/7
   219 | D:1      | Learned a level 2 spell: Wereblood
   982 | D:2      | Reached XP level 3. HP: 24/29 MP: 6/8
  1074 | D:2      | Learned a level 3 spell: Spider Form
  1275 | D:2      | You fall into a shaft and drop 2 floors!
  1353 | D:3      | Found a runed translucent door.
  1772 | D:2      | Identified the +0 helmet of Waheguy {Will+ Str+2}
  1772 | D:2      | Noticed Robin
  1773 | D:2      | Noticed Natasha
  1852 | D:2      | Killed Natasha
  1853 | D:2      | Reached skill level 1 in Poison Magic
  1853 | D:2      | Reached skill level 3 in Unarmed Combat
  1853 | D:2      | Reached XP level 4. HP: 36/36 MP: 6/9
  1855 | D:2      | Killed Robin
  2706 | D:2      | Noticed Natasha
  2716 | D:2      | Killed Natasha
  2814 | D:2      | Noticed Natasha
  2906 | D:2      | Killed Natasha
  2907 | D:2      | Reached skill level 4 in Unarmed Combat
  2907 | D:2      | Reached XP level 5. HP: 41/41 MP: 6/10
  3283 | D:3      | Noticed Jessica
  3291 | D:3      | Killed Jessica
  3812 | D:3      | Noticed Crazy Yiuf
  3824 | D:3      | Killed Crazy Yiuf
  3868 | D:3      | Learned a level 4 spell: Ice Form
  4099 | D:4      | Identified the +1 cloak of Poor Excuses {SInv}
  4422 | D:4      | Found a runed translucent gate.
  4422 | D:4      | Found a runed translucent gate.
  4424 | D:4      | Found a runed translucent gate.
  4430 | D:4      | Noticed Orangeyouglad's ghost (novice HuIE)
  4439 | D:4      | Reached XP level 6. HP: 48/48 MP: 9/13
  4739 | D:5      | Entered Level 5 of the Dungeon
  4855 | D:5      | Reached skill level 5 in Unarmed Combat
  5053 | D:5      | Identified the +6 morningstar "Dyziwi" {freeze, *Noise
                  | rElec rN+}
  5165 | D:5      | Noticed Ijyb
  5171 | D:5      | Paralysed by Ijyb for 4 turns
  5172 | D:5      | Killed Ijyb
  5211 | D:5      | Noticed Menkaure
  5332 | D:5      | Killed Menkaure
  5333 | D:5      | Reached XP level 7. HP: 55/55 MP: 14/14
  5433 | D:5      | Reached skill level 6 in Unarmed Combat
  5515 | D:5      | Reached skill level 1 in Ice Magic
  6790 | D:6      | Reached XP level 8. HP: 62/63 MP: 12/15
  6962 | D:6      | Found a staircase to the Ecumenical Temple.
  6971 | Temple   | Entered the Ecumenical Temple
  7603 | D:6      | Reached skill level 7 in Unarmed Combat
  8400 | D:7      | Reached skill level 1 in Stealth
  8719 | D:7      | Reached skill level 5 in Transmutations
  9070 | D:7      | Noticed Prince Ribbit
  9085 | D:7      | Killed Prince Ribbit
  9290 | D:7      | Reached skill level 8 in Unarmed Combat
  9400 | D:8      | Reached XP level 9. HP: 58/69 MP: 13/16
  9420 | D:8      | Noticed a two-headed ogre
  9449 | D:8      | Mangled by a two-headed ogre

Illustrated notes

Levels and vault maps discovered:
D:1:      psy_arrival_whirlpool, layout_loops_ring, hangedman_decor_opposing,
          dk_noncrumbling_4
D:2:      minmay_alternating_diamond, layout_basic,
          nicolae_ecumenical_lake_church, st_stairs_14, uniq_robin, uniq_natasha
D:3:      layout_basic, minitemple, mainiacjoe_overflow_alcove_2,
          kennysheep_generic_room_15, uniq_crazy_yiuf_cottage, uniq_jessica
D:4:      layout_cave_pools, gammafunk_ghost_necromancy
D:5:      layout_loops_ring, minivault_26, uniq_menkaure, uniq_ijyb
D:6:      mumra_celtic_spiral_tile, layout_cave_pools,
          minmay_temple_entry_glassed_door, serial_bayou_crossing
D:7:      layout_loops_ring, nicolae_dithmenos_shadow_blocks,
          chequers_serial_rivers_micro_e, uniq_prince_ribbit1
D:8:      minmay_s_stair_smasher, layout_loops_ring, minmay_lair_entry_grove,
          enter_bailey_6
Temple:   dshaligram_water_room_temple

Skill      XL: |  1  2  3  4  5  6  7  8  9 |
---------------+----------------------------+-----
Fighting       | 1 2 3 4 |  4.0
Spellcasting   | 2 3 |  3.0
Transmutations | 2 3 4 5 6 |  6.0
Poison Magic   | 1 |  1.0
Unarmed Combat | 3 4 5 6 8 |  8.1
Dodging        | 2 3 |  3.0
Ice Magic      | 4 |  4.0
Stealth        | 1 |  1.0

Action                     |  1- 3 |  4- 6 |  7- 9 || total
---------------------------+-------+-------+-------++-------
  Melee: Unarmed           |   111 |   106 |   192 ||   409
         Kick              |    25 |     1 |     7 ||    33
         Headbutt          |    11 |     1 |     2 ||    14
         Punch             |     2 |       |       ||     2
         Quarterstaff      |       |     2 |    13 ||    15
         Morningstar       |       |     2 |       ||     2
   Fire: Shortbow          |       |       |     7 ||     7
   Cast: Beastly Appendage |    25 |     3 |     4 ||    32
         Spider Form       |    10 |    29 |    32 ||    71
         Ice Form          |       |       |     1 ||     1
Ability: End Transformatio |       |     1 |     5 ||     6
    Use: Scroll            |       |     3 |     6 ||     9
         Potion            |       |       |     3 ||     3
   Stab: Sleeping          |     3 |     3 |     1 ||     7
         Distracted        |       |       |     1 ||     1
 Armour: Robe              |     7 |     2 |     2 ||    11
         Skin              |     2 |     3 |     8 ||    13
         Leather armour    |       |       |     5 ||     5
  Dodge: Dodged            |    43 |    73 |   179 ||   295

Table legend: (Time is in decaauts)
 A = Elapsed time spent in this place.
 B = Non-inter-level travel time spent in this place.
 C = Inter-level travel time spent in this place.
 D = Time resting spent in this place.
 E = Time spent auto-exploring this place.
 F = Levels seen in this place.
 G = Mean time per level.
                   A        B        C        D        E       F      G
               +--------+--------+--------+--------+--------+-----+--------+
         Total |   9459 |   8480 |    979 |   2361 |   3419 |   9 | 1051.0 |
       Dungeon |   9415 |   8436 |    979 |   2361 |   3419 |   8 | 1176.9 |
        Temple |     44 |     44 |      0 |      0 |      0 |   1 |   44.0 |
               +--------+--------+--------+--------+--------+-----+--------+

Top non-repeatable levels by time:
     D:2: 1895 daAuts
     D:6: 1859 daAuts
     D:5: 1371 daAuts
     D:3: 1139 daAuts
     D:7: 1124 daAuts
     D:1: 1029 daAuts
     D:4: 941 daAuts
     D:8: 54 daAuts
  Temple: 44 daAuts
